 Dungeon Crawl Stone Soup version 0.32-a0-841-g4648e6c457 (webtiles) character file.

Game seed: 8395371471493677439

15551 tilp the Jinx (level 12, -10/94 HPs)
             Began as a Vampire Enchanter on Mar 26, 2024.
             Was an Elder of Wu Jian.
             Mangled by a blink frog (12 damage)
             ... on level 1 of the Lair of Beasts.
             The game lasted 00:24:27 (12592 turns).

tilp the Jinx (Vampire Enchanter)                  Turns: 12592, Time: 00:24:28

Health: -10/94     AC: 11    Str:  7    XL:     12   Next: 2%
Magic:  7/21       EV: 13    Int: 25    God:    Wu Jian [****..]
Gold:   415        SH:  9    Dex: 15    Spells: 12/23 levels left

rFire   . . .        a - +3 dagger (venom)
rCold   + . .        T - +0 buckler
rNeg    . . .        C - +0 steam dragon scales
rPois   .            V - +1 hat {Int+3}
rElec   .            E - +0 cloak
rCorr   .            e - +1 pair of gloves
SInv    +            z - +0 pair of boots
Will    +....        n - amulet of reflection
Stlth   +++++        o - ring of protection from cold
HPRegen 0.55/turn    G - ring of wizardry
MPRegen 0.17/turn

%: reflection, wizardry (x1)
@: healing quickly
A: alive, fangs 3, see invisible, vampiric 2
a: Exsanguinate, Renounce Religion, Wall Jump, Serpent's Lash


You were on level 1 of the Lair of Beasts.
You worshipped Wu Jian.
Wu Jian was greatly pleased with you.
You visited 3 branches of the dungeon, and saw 13 of its levels.
You also visited: Sewer.

You collected 743 gold pieces.
You spent 328 gold pieces at shops.

Inventory:

Hand Weapons
 a - a +3 dagger of venom (weapon)
 b - a +3 falchion of protection
 c - a +0 vampiric falchion
 B - a +2 dagger of pain
 L - a +1 rapier of venom
 M - a +2 dagger of pain
Missiles
 h - 4 darts of dispersal
 i - 21 boomerangs (quivered)
 j - 45 poisoned darts
 m - 5 datura-tipped darts
 q - 7 curare-tipped darts
 v - 6 javelins
 S - 2 atropa-tipped darts
Armour
 e - a +1 pair of gloves (worn)
 s - the +0 helmet "Nelaan" {*Corrode rPois Will+ Dex+2}
   (You took it off Robin on level 3 of the Dungeon)

   Dex+2:     It affects your dexterity (+2).
   rPois:     It protects you from poison.
   Will+:     It increases your willpower.
   *Corrode:  It may corrode you when you take damage.
 t - a +0 helmet
 z - a +0 pair of boots (worn)
 C - +0 steam dragon scales (worn)
 E - a +0 cloak (worn)
 O - the +0 ring mail of Sin {Harm Dex+2}
   (You bought it in a shop on level 10 of the Dungeon)

   Dex+2:     It affects your dexterity (+2).
   Harm:      It increases damage dealt and taken.
 T - a +0 buckler (worn)
 V - a +1 hat of intelligence (worn)
Jewellery
 n - an amulet of reflection (around neck)
 o - a ring of protection from cold (left hand)
 G - a ring of wizardry (right hand)
 H - an amulet of faith
Wands
 f - a wand of digging (6)
 y - a wand of charming (4)
 K - a wand of acid (4)
 N - a wand of flame (10)
 P - a wand of polymorph (2)
Scrolls
 u - 3 scrolls of immolation
 J - a scroll of vulnerability
Potions
 d - a potion of heal wounds
 k - 2 potions of cancellation
 l - 4 potions of berserk rage
 p - 9 potions of curing
 r - 2 potions of haste
 w - a potion of mutation
 x - 2 potions of lignification
 A - 2 potions of might
 D - 2 potions of attraction
 F - 2 potions of magic
 I - a potion of enlightenment
 R - a potion of degeneration {unknown}
Miscellaneous
 Q - a lightning rod (4/4)


   Skills:
 * Level 8.5 Fighting
 - Level 3.0(7.1) Short Blades
 * Level 9.3(9.5) Long Blades
 + Level 4.3 Armour
 - Level 6.0 Dodging
 + Level 11.1 Stealth
 + Level 2.1 Shields
 + Level 6.2 Spellcasting
 - Level 12.0 Hexes


You had 12 spell levels left.
You knew the following spells:

 Your Spells              Type           Power      Damage    Failure   Level
a - Ensorcelled Hibernat  Hex/Ice        74%        N/A       1%          2
b - Confusing Touch       Hex            61%        N/A       1%          3
c - Tukima's Dance        Hex            61%        N/A       1%          3
d - Dazzling Flash        Conj/Hex       74%        N/A       1%          3

Your spell library contained the following spells:

 Spells                   Type           Power      Damage    Failure   Level
 Magic Dart               Conj           28%        1d4       4%          1
 Blink                    Tloc           14%        N/A       8%          2
 Call Imp                 Summ           14%        N/A       8%          2
 Lesser Beckoning         Tloc           14%        N/A       8%          2
 Mercury Vapours          Alch/Air       14%        N/A       8%          2
 Gell's Gravitas          Tloc           7%         N/A       14%         3
 Mephitic Cloud           Conj/Alch/Air  7%         N/A       14%         3
 Teleport Other           Tloc           7%         N/A       14%         3
 Animate Dead             Necr           7%         N/A       41%         4
 Borgnjor's Vile Clutch   Necr/Erth      3%         N/A       75%         5
 Freezing Cloud           Conj/Ice/Air   3%         6-21      75%         5
 Death Channel            Necr           3%         N/A       99%         6


Dungeon Overview and Level Annotations

Branches:
Dungeon (11/15)            Temple (1/1) D:5            Lair (1/5) D:8
    Orc (0/2) D:9           Sewer (visited)

Altars:
Ashenzari
Cheibriados
Dithmenos
Fedhas
Gozag
Hepliaklqana
Kikubaaqudgha
Makhleb
Nemelex Xobeh
Okawaru
Qazlal
Ru
Sif Muna
Trog
Uskayaw
Vehumet
Wu Jian
Xom
Yredelemnul

Shops:
D:4 [   D:7 ?[   D:10 [

Annotations:
D:7 1 runed translucent door (sixfirhy + unided scroll)


Innate Abilities, Weirdness & Mutations

Your natural rate of healing is accelerated.
You have razor-sharp teeth.
You have supernaturally acute eyesight. (SInv)
You are afflicted with vampirism and can become a bat while bloodless.


Message History

The rime drake appears confused.
You bite the rime drake, but do no damage.
The blink frog is no longer blind.
The blink frog hits you!
* * * LOW HITPOINT WARNING * * *
The blink frog closely misses you.
The rime drake bites something.
You hit the rime drake.
The rime drake is poisoned.
The rime drake is lightly wounded.
The blink frog is no longer blind.
The blink frog closely misses you. x2
Unknown command.
The air fills with toxic fumes!
As you read the scroll of poison, it crumbles to dust.
The water moccasin completely misses you.
The blink frog hits you.
* * * LOW HITPOINT WARNING * * *
The blink frog blinks!
The blink frog hits you but does no damage.
You block the water moccasin's attack.
The komodo dragon hisses angrily.
Unknown command.
Unknown command.
Unknown command.
Unknown command.
Unknown command.
Casting: Dazzling Flash (safe; 1% risk of failure)
Confirm with . or Enter, or press ? or * to list all spells.
Aiming: Ensorcelled Hibernation (safe; 1% risk of failure)
Press: ? - help, Shift-Dir - straight line, f - komodo dragon
Aim: a komodo dragon (lightly wounded, chance to affect: 47%)
The komodo dragon resists with some effort.
The rime drake is no longer blind.
The blink frog is engulfed in poison gas.
The blink frog is poisoned.
The blink frog blinks!
The blink frog hits you!
* * * LOW HITPOINT WARNING * * *
The blink frog closely misses you. The water moccasin bites you.
* * * LOW HITPOINT WARNING * * *
The rime drake is engulfed in poison gas.
The rime drake looks even sicker.
The rime drake bites the komodo dragon but does no damage.
The blink frog hits you!
You die...

...........#.~≈~~~≈≈≈~[.#
#§§###§§§§§§§~≈~~.. #
#§§##~§§§§§§§≈≈≈~(.
###§#§§§##§§§§§§§≈≈~.#.
..§§§§§§§#§§§§§§§~≈~..#
....§§§§§.§§§§§§§≈≈~.##
.......§.kF§§§§§§§~~~..#
#########l#S§§§§§§....##
##@F.§§####...# ##F§§§#
...# ##§§§§# ..# ##§§##
#§§§P .§§## ..§# §#


You could see a komodo dragon, 2 blink frogs, a rime drake (confused, very
poisoned) and a water moccasin.

Vanquished Creatures
  3 two-headed ogres
  A boulder beetle (D:11)
  2 deep elf pyromancers
  A deep elf zephyrmancer (D:11)
  A manticore (D:11)
  A komodo dragon (Lair:1)
  4 trolls (D:10)
  A blink frog (Lair:1)
  A hornet (D:8)
  Prince Ribbit (D:7)
  A vampire (D:10)
  A shadow (D:10)
  2 wraiths (D:10)
  A wyvern (D:8)
  18 yaks
  7 vampire mosquitoes
  A basilisk (D:6)
  2 steam dragons
  Menkaure (D:5)
  An acid dragon (D:6)
  A water moccasin (D:6)
  A swamp drake (D:11)
  4 black bears
  8 orc warriors
  A crocodile (Sewer)
  An ogre (D:7)
  3 centaurs (D:7)
  3 phantoms
  2 kobold brigands
  The ghost of NotYourErnst the Poker, an amateur VSWn (D:3)
  2 bullfrogs
  A brain worm (Sewer)
  A scorpion (D:5)
  11 killer bees
  2 howler monkeys (D:11)
  A bombardier beetle (D:6)
  A crimson imp (D:11)
  5 hounds
  An iron imp (D:11)
  7 orc priests
  A gnoll bouda (D:5)
  2 jellies (D:6)
  A sleepcap (D:8)
  5 iguanas
  17 orc wizards
  Robin (D:3)
  6 gnolls
  9 adders
  2 shadow imps
  A white imp (D:7)
  3 dart slugs
  5 ribbon worms
  52 orcs
  9 ball pythons
  14 bats
  8 endoplasms
  6 giant cockroaches
  16 goblins
  8 hobgoblins
  11 jackals
  3 quokkas
  5 frilled lizards
  14 kobolds
  11 rats
318 creatures vanquished.

Vanquished Creatures (collateral kills)
  A deep elf pyromancer (D:11)
  An orc warrior (D:7)
  3 wights (D:9)
  An orc wizard (D:7)
6 creatures vanquished.

Vanquished Creatures (others)
  2 dancing weapons (D:9)
  3 orc wizards
  A white imp (D:11)
  4 orcs (D:11)
10 creatures vanquished.

Grand Total: 334 creatures vanquished

Notes
Turn   | Place    | Note
-------+----------+-------------------------------------------
     0 | D:1      | tilp the Vampire Enchanter began the quest for the Orb.
     0 | D:1      | Reached XP level 1. HP: 13/13 MP: 3/3
    90 | D:1      | Reached XP level 2. HP: 13/20 MP: 5/5
   102 | D:1      | Learned a level 2 spell: Ensorcelled Hibernation
   692 | D:1      | Reached skill level 1 in Fighting
   692 | D:1      | Reached skill level 1 in Long Blades
   692 | D:1      | Gained mutation: You are afflicted with vampirism and can
                  | become a bat while bloodless. [Vampire growth]
   692 | D:1      | Reached XP level 3. HP: 26/26 MP: 3/6
   696 | D:1      | Learned a level 3 spell: Confusing Touch
   954 | D:1      | HP: 1/26 [ball python (1)]
  1396 | D:1      | Reached skill level 5 in Hexes
  1553 | D:2      | Reached XP level 4. HP: 32/32 MP: 7/7
  1997 | D:3      | Reached skill level 5 in Stealth
  2124 | D:3      | Found a glowing drain.
  2140 | D:3      | Reached XP level 5. HP: 37/37 MP: 8/8
  2144 | Sewer    | Entered a sewer
  2241 | Sewer    | Noticed a crocodile
  2270 | Sewer    | Killed a crocodile
  2271 | Sewer    | Reached XP level 6. HP: 27/44 MP: 9/9
  2363 | D:3      | Identified the +0 helmet "Nelaan" {*Corrode rPois Will+
                  | Dex+2}
  2363 | D:3      | Noticed Robin
  2661 | D:3      | Killed Robin
  2890 | D:3      | Reached skill level 6 in Hexes
  3077 | D:3      | Found a large runed translucent door.
  3077 | D:3      | Found a large runed translucent door.
  3247 | D:3      | Noticed NotYourErnst's ghost (amateur VSWn)
  3336 | D:3      | Learned a level 3 spell: Tukima's Dance
  3343 | D:3      | Killed NotYourErnst's ghost
  3591 | D:4      | Found a transporter.
  3595 | D:4      | Found Uwioci's Antique Armour Boutique.
  3679 | D:4      | Found a transporter.
  4250 | D:4      | Bought a pair of boots for 85 gold pieces
  4313 | D:5      | Entered Level 5 of the Dungeon
  4401 | D:5      | Reached XP level 7. HP: 51/51 MP: 7/11
  4493 | D:5      | Found a staircase to the Ecumenical Temple.
  4516 | Temple   | Entered the Ecumenical Temple
  4519 | Temple   | Became a worshipper of the Wu Jian Council
  4556 | D:5      | Found an opulent altar of Gozag.
  4577 | D:5      | Found a basalt altar of Yredelemnul.
  4708 | D:5      | Noticed Menkaure
  4729 | D:5      | Killed Menkaure
  4829 | D:5      | Reached skill level 7 in Hexes
  5713 | D:6      | Reached XP level 8. HP: 58/58 MP: 12/12
  5783 | D:6      | Reached skill level 1 in Armour
  5787 | D:6      | Learned a level 3 spell: Dazzling Flash
  5888 | D:6      | Reached skill level 8 in Hexes
  6241 | D:6      | Reached skill level 5 in Long Blades
  6277 | D:6      | Reached * piety under Wu Jian
  6584 | D:7      | Reached XP level 9. HP: 66/66 MP: 14/14
  6594 | D:7      | Found Fafysiwn's Magic Scroll Shoppe.
  6735 | D:7      | Noticed Prince Ribbit
  6741 | D:7      | Killed Prince Ribbit
  6742 | D:7      | Reached skill level 9 in Hexes
  6884 | D:7      | Reached skill level 5 in Fighting
  7024 | D:7      | Found a runed translucent door.
  7024 | D:7      | Noticed a sixfirhy
  7096 | D:7      | Found Ninurta's Dragon-Slaying Spoils.
  7423 | D:8      | Reached skill level 5 in Dodging
  7713 | D:8      | Reached skill level 10 in Hexes
  7733 | D:8      | Reached XP level 10. HP: 68/76 MP: 2/16
  7916 | D:8      | Noticed a two-headed ogre
  7920 | D:8      | Killed a two-headed ogre
  8286 | D:8      | Reached ** piety under Wu Jian
  8343 | D:8      | Found an iron altar of Okawaru.
  8490 | D:8      | Found a staircase to the Lair.
  8778 | D:9      | Reached skill level 11 in Hexes
  8786 | D:9      | Reached skill level 5 in Spellcasting
  9029 | D:9      | Noticed a two-headed ogre
  9040 | D:9      | Killed a two-headed ogre
  9523 | D:9      | Reached *** piety under Wu Jian
  9788 | D:9      | Found a staircase to the Orcish Mines.
  9982 | D:10     | Entered Level 10 of the Dungeon
 10006 | D:10     | Reached XP level 11. HP: 63/84 MP: 15/18
 10137 | D:10     | Reached skill level 12 in Hexes
 10188 | D:10     | Noticed a deep elf pyromancer
 10248 | D:10     | Reached skill level 10 in Stealth
 10255 | D:10     | Killed a deep elf pyromancer
 10716 | D:10     | Found Anwiqet's Antique Armour Boutique.
 11177 | D:10     | Bought a faintly glowing ring mail for 243 gold pieces
 11177 | D:10     | Identified the +0 ring mail of Sin {Harm Dex+2} (You bought
                  | it in a shop on level 10 of the Dungeon)
 11190 | D:11     | Noticed a two-headed ogre
 11192 | D:11     | Killed a two-headed ogre
 11334 | D:11     | Reached **** piety under Wu Jian
 11755 | D:11     | Noticed a boulder beetle
 11764 | D:11     | Reached skill level 1 in Shields
 11766 | D:11     | Killed a boulder beetle
 12192 | D:11     | Noticed a deep elf zephyrmancer
 12194 | D:11     | Noticed a deep elf pyromancer
 12199 | D:11     | Killed a deep elf zephyrmancer
 12200 | D:11     | Killed a deep elf pyromancer
 12329 | D:11     | Identified the +1 hat of the Crushed Invaders {rPois rF-
                  | rC+}
 12379 | D:11     | Noticed a deep elf pyromancer
 12384 | D:11     | Killed a deep elf pyromancer
 12555 | Lair:1   | Entered Level 1 of the Lair of Beasts
 12583 | Lair:1   | Reached XP level 12. HP: 28/94 MP: 14/21
 12592 | Lair:1   | HP: 2/94 [water moccasin (3)]
 12592 | Lair:1   | Mangled by a blink frog

Illustrated notes

Levels and vault maps discovered:
D:1:      evilmike_arrival_plus, layout_basic
D:2:      layout_rooms, serial_rivers, chequers_serial_rivers_small_3,
          chequers_serial_rivers_room_a, chequers_serial_rivers_micro_d,
          chequers_serial_rivers_micro_e, grunt_ministairs_10
D:3:      layout_rooms, portal_sewer_entry_b, ebering_ghost_disaster_area,
          uniq_robin
D:4:      layout_loops_cross, serial_shops, nicolae_shop_drivethru,
          roderic_serpentine_path
D:5:      layout_basic, grunt_temple_overflow_open, minmay_temple_entry_trees,
          minmay_door_square, uniq_menkaure
D:6:      minmay_opposing_rooms, layout_basic, kennysheep_small_circle
D:7:      cheibrodos_shockbox, layout_cave_pools, nicolae_shop_dragon_depot,
          palyth_stone_intersect, nicolae_take_the_stairs, uniq_prince_ribbit1
D:8:      layout_loops_ring, okawaru_trees_1, lair_entry_dummy
D:9:      layout_basic, david_orc_4
D:10:     layout_basic, serial_shops, nicolae_shop_just_a_little_nook,
          minmay_fractal_squares_5
D:11:     layout_roguey, hangedman_minor_magic
Temple:   dpeg_three_leaves_temple
Lair:1:   layout_concentric_octagons, infiniplex_staircase_pool_2,
          serial_bayou_shore_b

Skill      XL: |  1  2  3  4  5  6  7  8  9 10 11 |
---------------+----------------------------------+-----
Fighting       | 1 2 3 4 5 7 8 |  8.5
Long Blades    | 1 2 3 5 6 7 9 |  9.3
Hexes          | 5 6 7 8 10 11 12 | 12.0
Stealth        | 5 6 7 8 9 11 | 11.1
Short Blades   | 2 3 |  3.0
Dodging        | 3 4 5 6 |  6.0
Spellcasting   | 3 4 5 6 |  6.2
Armour         | 1 2 3 4 |  4.3
Shields        | 2 |  2.1

Action                     |  1- 3 |  4- 6 |  7- 9 | 10-12 || total
---------------------------+-------+-------+-------+-------++-------
  Melee: Dagger            |   115 |   245 |   158 |   443 ||   961
         Bite              |    13 |    22 |    19 |    57 ||   111
         Falchion          |       |    34 |    75 |    19 ||   128
  Throw: Boomerang         |     1 |       |       |       ||     1
   Cast: Ensorcelled Hiber |    18 |    29 |    69 |    74 ||   190
         Confusing Touch   |       |     2 |     4 |    19 ||    25
         Tukima's Dance    |       |       |     2 |    11 ||    13
         Dazzling Flash    |       |       |       |     8 ||     8
Ability: Lunge             |       |       |    26 |    30 ||    56
         Whirlwind         |       |       |       |    12 ||    12
    Use: Scroll            |     3 |     4 |     8 |    10 ||    25
         Potion            |       |     2 |     1 |     2 ||     5
   Stab: Sleeping          |    18 |    25 |    50 |    46 ||   139
         Distracted        |       |     1 |       |     1 ||     2
         Invisible         |       |     2 |     2 |     7 ||    11
         Confused          |       |     3 |     3 |    12 ||    18
 Armour: Robe              |   100 |   105 |       |       ||   205
         Skin              |       |    25 |       |       ||    25
         Leather armour    |       |     3 |   118 |   114 ||   235
         Steam dragon scal |       |       |       |    97 ||    97
  Dodge: Dodged            |    85 |   135 |   116 |   205 ||   541
  Block: Other             |       |    54 |    44 |    59 ||   157
         Reflection        |       |       |     6 |     6 ||    12
         Buckler           |       |       |       |    33 ||    33

Table legend: (Time is in decaauts)
 A = Elapsed time spent in this place.
 B = Non-inter-level travel time spent in this place.
 C = Inter-level travel time spent in this place.
 D = Time resting spent in this place.
 E = Time spent auto-exploring this place.
 F = Levels seen in this place.
 G = Mean time per level.
                   A        B        C        D        E       F      G
               +--------+--------+--------+--------+--------+-----+--------+
         Total |  12418 |  11799 |    619 |   1784 |   7241 |  14 |  887.0 |
       Dungeon |  12195 |  11580 |    615 |   1733 |   7197 |  11 | 1108.6 |
        Temple |      6 |      3 |      3 |      0 |      0 |   1 |    6.0 |
          Lair |     35 |     35 |      0 |      0 |      0 |   1 |   35.0 |
         Sewer |    180 |    180 |      0 |     51 |     44 |   1 |  180.0 |
               +--------+--------+--------+--------+--------+-----+--------+

Top non-repeatable levels by time:
     D:1: 1361 daAuts
     D:9: 1329 daAuts
    D:11: 1269 daAuts
     D:8: 1253 daAuts
     D:3: 1221 daAuts
    D:10: 1207 daAuts
     D:6: 1151 daAuts
     D:5: 1063 daAuts
     D:4: 918 daAuts
     D:7: 819 daAuts
     D:2: 600 daAuts
   Sewer: 180 daAuts
  Lair:1: 35 daAuts
  Temple: 6 daAuts
